 Dungeon Crawl Stone Soup version 0.30-a0-586-g23e55c9e0a (webtiles) character file.

Game seed: 12140527622719873760

782 wormed the Grave Robber (level 7, -3/51 HPs)
             Began as a Gnoll Wanderer on Jan 3, 2023.
             Was a Follower of Cheibriados.
             Slain by an iguana (10 damage)
             ... on level 5 of the Dungeon.
             The game lasted 00:06:25 (3745 turns).

wormed the Grave Robber (Gnoll Wanderer)            Turns: 3745, Time: 00:06:26

Health: -3/51      AC:  8    Str: 13    XL:     7   Next: 86%
Magic:  13/13      EV: 14    Int: 12    God:    Cheibriados [*.....]
Gold:   219        SH:  0    Dex: 17    Spells: 14/14 levels left

rFire   . . .      SeeInvis .    y - +4 long sword
rCold   . . .      Faith    .    (no shield)
rNeg    . . .      Spirit   .    l - +0 troll leather armour
rPois   .          Reflect  .    e - +1 helmet
rElec   .          Harm     .    x - +0 cloak
rCorr   .          Rampage  .    (no gloves)
Will    .....                    (no boots)
Stlth   ++                       (no amulet)
HPRegen 1.08/turn                (no ring)
MPRegen 0.13/turn                (no ring)

@: very slow
A: fangs 1, strong nose, distributed training
a: Renounce Religion, Bend Time


You were on level 5 of the Dungeon.
You worshipped Cheibriados.
Cheibriados was aware of your devotion.
You visited 2 branches of the dungeon, and saw 6 of its levels.

You collected 219 gold pieces.

Inventory:

Hand Weapons
 a - a +0 quarterstaff
 b - a +4 spear
 j - a +0 glaive
 y - a +4 long sword (weapon)
Missiles
 d - 4 poisoned darts
 q - 5 atropa-tipped darts (quivered)
Armour
 e - a +1 helmet (worn)
 l - a +0 troll leather armour (worn)
 x - a +0 cloak (worn)
Wands
 h - a wand of acid (4)
 u - a wand of flame (18)
 w - a wand of polymorph (12)
Scrolls
 c - 4 scrolls of fog
 o - a scroll of amnesia {unknown}
 r - a scroll of torment
 s - a scroll of blinking
 v - 2 scrolls of teleportation {unknown}
Potions
 g - 4 potions of brilliance
 i - a potion of might
 k - a potion of berserk rage {unknown}
 m - 3 potions of mutation {unknown}
 n - 2 potions of resistance {unknown}
 p - a potion of magic {unknown}
 t - a potion of heal wounds {unknown}


   Skills:
 + Level 2.8 Fighting
 + Level 2.8 Short Blades
 + Level 2.8 Long Blades
 + Level 2.8 Axes
 + Level 2.8 Maces & Flails
 + Level 2.8 Polearms
 + Level 3.9 Staves
 + Level 2.8 Ranged Weapons
 + Level 2.8 Throwing
 + Level 3.9 Armour
 + Level 5.4 Dodging
 + Level 2.8 Stealth
 + Level 2.8 Shields
 + Level 2.8 Unarmed Combat
 + Level 4.0 Spellcasting
 + Level 2.3 Conjurations
 + Level 2.3 Hexes
 + Level 2.3 Summonings
 + Level 7.5 Necromancy
 + Level 2.3 Translocations
 + Level 2.3 Transmutations
 + Level 2.3 Fire Magic
 + Level 2.3 Ice Magic
 + Level 2.3 Air Magic
 + Level 2.3 Earth Magic
 + Level 2.3 Poison Magic
 + Level 3.1 Invocations
 + Level 3.9 Evocations


You had 14 spell levels left.
You didn't know any spells.
Your spell library contained the following spells:

 Spells                   Type           Power      Damage    Failure   Level
 Necrotise                Necr           80%        1d8       1%          1
 Kiss of Death            Conj/Necr      56%        2d9       3%          1
 Vampiric Draining        Necr           20%        2d7       3%          3
 Shock                    Conj/Air       32%        1d5       11%         1
 Call Canine Familiar     Summ           8%         N/A       30%         3
 Inner Flame              Hex/Fire       8%         N/A       30%         3
 Portal Projectile        Hex/Tloc       16%        N/A       30%         3
 Swiftness                Air            8%         N/A       30%         3
 Airstrike                Air            4%         2d(1-17)  71%         4
 Cause Fear               Hex            4%         N/A       71%         4
 Leda's Liquefaction      Hex/Erth       4%         N/A       71%         4
 Discord                  Hex            4%         N/A       100%        8


Dungeon Overview and Level Annotations

Branches:
Dungeon (5/15)             Temple (1/1) D:4

Altars:
Ashenzari
Cheibriados
Elyvilon
Fedhas
Kikubaaqudgha
Makhleb
Okawaru
Qazlal
Ru
Sif Muna
Trog
Uskayaw
Vehumet
Wu Jian
Xom
Yredelemnul
The Shining One


Innate Abilities, Weirdness & Mutations

You have very sharp teeth.
Your uncanny sense of smell can sniff out nearby items.
Your experience applies equally to all skills.


Message History

You hit the iguana.
The iguana is heavily wounded.
The iguana closely misses you. The iguana bites you!
You closely miss the iguana.
The iguana is heavily wounded.
The scorpion stings you. The iguana misses you. The iguana bites you.
The scorpion misses you.
You barely miss the scorpion. The scorpion barely misses you.
You slash the scorpion!
The scorpion is severely wounded.
The scorpion misses you. The orc closely misses you.
The scorpion closely misses you.
You barely miss the scorpion.
The scorpion is heavily wounded.
The scorpion stings you.
You are poisoned.
The scorpion poisons you! The orc misses you.
You slash the scorpion!
You kill the scorpion!
Cheibriados thoroughly appreciates the change of pace.
You feel very sick. The orc barely misses you. x2
The iguana bites you but does no damage.
You slash the iguana!
The iguana is heavily wounded.
You feel sick. The iguana bites you!
* * * LOW HITPOINT WARNING * * *
The orc misses you.
You hit the iguana.
The iguana is severely wounded.
You feel sick. The iguana closely misses you.
The orc hits you but does no damage.
You feel better. The iguana bites you.
* * * LOW HITPOINT WARNING * * *
The orc hits you from afar with a +0 trident.
* * * LOW HITPOINT WARNING * * *
You hit the iguana but do no damage.
The iguana is severely wounded.
The iguana bites you!
You die...

......# .(...
..... ... #
∆....#
...####.#.#
.......lo.# #l#
####@# # #.#
#....# .# #.#
#.#..##(.# #.#
.. #.....# #.#
## #..#### #.#
#..########.#
#...........#
##..######...#
##...######.#.#


You could see 2 iguanas and an orc.

Vanquished Creatures
  2 necrophages
  3 scorpions
  4 wights (D:4)
  A jelly (D:2)
  An orc priest (D:4)
  Crazy Yiuf (D:4)
  An iguana (D:4)
  Ijyb (D:2)
  Robin (D:4)
  An adder (D:4)
  3 gnolls (D:5)
  A worm (D:3)
  A dart slug (D:4)
  4 orcs (D:4)
  12 ball pythons
  11 endoplasms
  A giant cockroach (D:3)
  9 hobgoblins
  6 jackals
  8 kobolds
  3 quokkas
  4 bats
  3 frilled lizards
  14 goblins
  6 rats
102 creatures vanquished.

Vanquished Creatures (others)
  A fungus (D:2)
  8 toadstools (D:2)
9 creatures vanquished.

Grand Total: 111 creatures vanquished

Notes
Turn   | Place    | Note
-------+----------+-------------------------------------------
     0 | D:1      | wormed the Gnoll Wanderer began the quest for the Orb.
     0 | D:1      | wormed set off with the following items: a +0 quarterstaff,
                  | a +0 helmet, a scroll of fog, a +0 leather armour; and the
                  | following spells available to memorise: Necrotise, Vampiric
                  | Draining, Kiss of Death.
     0 | D:1      | Reached XP level 1. HP: 13/13 MP: 4/4
   141 | D:1      | Reached XP level 2. HP: 15/19 MP: 5/5
   967 | D:2      | Reached XP level 3. HP: 25/25 MP: 7/7
  1207 | D:2      | Reached skill level 1 in Fighting
  1207 | D:2      | Reached skill level 1 in Short Blades
  1207 | D:2      | Reached skill level 1 in Long Blades
  1207 | D:2      | Reached skill level 1 in Axes
  1207 | D:2      | Reached skill level 1 in Maces & Flails
  1207 | D:2      | Reached skill level 1 in Polearms
  1207 | D:2      | Reached skill level 1 in Ranged Weapons
  1207 | D:2      | Reached skill level 1 in Throwing
  1207 | D:2      | Reached skill level 1 in Stealth
  1207 | D:2      | Reached skill level 1 in Shields
  1207 | D:2      | Reached skill level 1 in Unarmed Combat
  1207 | D:2      | Reached skill level 1 in Invocations
  1207 | D:2      | Reached XP level 4. HP: 22/32 MP: 8/8
  1712 | D:3      | Reached skill level 1 in Conjurations
  1712 | D:3      | Reached skill level 1 in Hexes
  1712 | D:3      | Reached skill level 1 in Summonings
  1712 | D:3      | Reached skill level 1 in Translocations
  1712 | D:3      | Reached skill level 1 in Transmutations
  1712 | D:3      | Reached skill level 1 in Fire Magic
  1712 | D:3      | Reached skill level 1 in Ice Magic
  1712 | D:3      | Reached skill level 1 in Air Magic
  1712 | D:3      | Reached skill level 1 in Earth Magic
  1712 | D:3      | Reached skill level 1 in Poison Magic
  1887 | D:3      | Noticed Ijyb
  2289 | D:2      | Killed Ijyb
  2356 | D:3      | Reached XP level 5. HP: 37/37 MP: 9/9
  2693 | D:4      | Found a staircase to the Ecumenical Temple.
  2719 | Temple   | Entered the Ecumenical Temple
  2914 | Temple   | Became a worshipper of Cheibriados the Contemplative
  3015 | D:4      | Noticed Robin
  3030 | D:4      | Reached skill level 5 in Dodging
  3030 | D:4      | Reached XP level 6. HP: 44/44 MP: 11/11
  3079 | D:4      | Killed Robin
  3110 | D:4      | Reached * piety under Cheibriados
  3157 | D:4      | Reached XP level 7. HP: 38/50 MP: 12/12
  3418 | D:4      | Found a runed translucent door.
  3419 | D:4      | Noticed Crazy Yiuf
  3565 | D:4      | Killed Crazy Yiuf
  3635 | D:5      | Entered Level 5 of the Dungeon
  3745 | D:5      | Slain by an iguana

Illustrated notes

Levels and vault maps discovered:
D:1:      mrwooster_arrival_arrow, layout_basic
D:2:      cheibrodos_fertilizer, layout_loops_ring
D:3:      layout_rooms, uniq_ijyb
D:4:      layout_basic, minmay_temple_entry_hall,
          nicolae_concentric_dashed_squares_wild,
          minmay_misc_feat_secret_circle, uniq_crazy_yiuf_cottage, uniq_robin
D:5:      layout_basic
Temple:   nicolae_temple_bog_church

Skill      XL: |  1  2  3  4  5  6  7 |
---------------+----------------------+-----
Fighting       | 1 2 |  2.8
Short Blades   | 1 2 |  2.8
Long Blades    | 1 2 |  2.8
Axes           | 1 2 |  2.8
Maces & Flails | 1 2 |  2.8
Polearms       | 1 2 |  2.8
Ranged Weapons | 1 2 |  2.8
Throwing       | 1 2 |  2.8
Stealth        | 1 2 |  2.8
Shields        | 1 2 |  2.8
Unarmed Combat | 1 2 |  2.8
Spellcasting   | 3 4 |  4.0
Invocations    | 1 2 3 |  3.1
Conjurations   | 1 2 |  2.3
Hexes          | 1 2 |  2.3
Summonings     | 1 2 |  2.3
Translocations | 1 2 |  2.3
Transmutations | 1 2 |  2.3
Fire Magic     | 1 2 |  2.3
Ice Magic      | 1 2 |  2.3
Air Magic      | 1 2 |  2.3
Earth Magic    | 1 2 |  2.3
Poison Magic   | 1 2 |  2.3
Staves         | 3 |  3.9
Armour         | 3 |  3.9
Evocations     | 3 |  3.9
Dodging        | 5 |  5.4
Necromancy     | |  7.5

Action                   |  1- 3 |  4- 6 |  7- 9 || total
-------------------------+-------+-------+-------++-------
Melee: Quarterstaff      |    23 |       |       ||    23
       Bite              |    10 |     9 |     5 ||    24
       Glaive            |    33 |       |       ||    33
       Spear             |    37 |   192 |    28 ||   257
       Punch             |       |     5 |       ||     5
       Long sword        |       |       |    30 ||    30
  Use: Scroll            |     5 |     8 |       ||    13
       Potion            |       |       |     3 ||     3
 Stab: Sleeping          |     2 |     7 |       ||     9
Armor: Leather armour    |    31 |       |       ||    31
       Troll leather arm |     6 |    63 |    12 ||    81
Dodge: Dodged            |    81 |   116 |    43 ||   240

Table legend: (Time is in decaauts)
 A = Elapsed time spent in this place.
 B = Non-inter-level travel time spent in this place.
 C = Inter-level travel time spent in this place.
 D = Time resting spent in this place.
 E = Time spent auto-exploring this place.
 F = Levels seen in this place.
 G = Mean time per level.
                   A        B        C        D        E       F      G
               +--------+--------+--------+--------+--------+-----+--------+
         Total |   4009 |   3810 |    199 |    364 |   2636 |   6 |  668.2 |
       Dungeon |   3793 |   3625 |    168 |    364 |   2466 |   5 |  758.6 |
        Temple |    216 |    186 |     30 |      0 |    170 |   1 |  216.0 |
               +--------+--------+--------+--------+--------+-----+--------+

Top non-repeatable levels by time:
     D:2: 1217 daAuts
     D:4: 1062 daAuts
     D:1: 908 daAuts
     D:3: 461 daAuts
  Temple: 216 daAuts
     D:5: 143 daAuts
